 Dungeon Crawl Stone Soup version 0.17-a0-1719-g1afd5a1 (webtiles) character file.

13319 kae the Fencer (level 11, -2/85 HPs)
             Began as a Minotaur Fighter on Aug 28, 2015.
             Was a High Priest of Qazlal.
             Killed from afar by a molten gargoyle (29 damage)
             ... with a bolt of magma
             ... in a volcano.
             The game lasted 00:19:00 (11160 turns).

kae the Fencer (Minotaur Fighter)                  Turns: 11160, Time: 00:19:00

Health: -2/85      AC: 23    Str: 21    XL:     11   Next: 74%
Magic:  10/10      EV:  9    Int:  7    God:    Qazlal [*****.]
Gold:   516        SH:  6    Dex: 11    Spells: 0 memorised, 10 levels left

rFire  . . .     SeeInvis +     F - +2 triple sword (protect)
rCold  . . .     Clarity  .     b - +1 scale mail
rNeg   . . .     SustAt   .     (no shield)
rPois  .         Gourm    .     (helmet restricted)
rElec  .         Spirit   .     Q - +2 cloak {MR+}
rCorr  .         Warding  .     s - +2 pair of gloves
rMut   .         Stasis   +     I - +0 pair of boots
MR     +....                    x - amulet of stasis
Stlth  ..........               O - ring of see invisible
                                (no ring)

@: protected from physical damage, repel missiles, somewhat resistant to hostile
enchantments, extremely unstealthy
A: retaliatory headbutt, horns 2
a: Upheaval, Elemental Force, Disaster Area, Renounce Religion


You were in a volcano.
You worshipped Qazlal.
Qazlal was extremely pleased with you.
You were hungry.

You visited 3 branches of the dungeon, and saw 13 of its levels.
You also visited: Volcano.

You collected 606 gold pieces.
You spent 90 gold pieces at shops.

Inventory:

Hand weapons
 a - a +1 long sword
 h - a +3 great sword
 F - a +2 triple sword of protection (weapon)
 R - a +0 great sword of slicing
Armour
 b - a +1 scale mail (worn)
 s - a +2 pair of gloves (worn)
 I - a +0 pair of boots (worn)
 Q - a +2 cloak of magic resistance (worn)
 U - a +4 scale mail
Jewellery
 x - an amulet of stasis (around neck)
 O - a ring of see invisible (right hand)
 T - a +5 ring of protection {unknown}
Magical devices
 d - a wand of polymorph (18)
 q - a wand of slowing (23)
 u - a wand of cold (4)
 v - a wand of confusion (2)
 J - a wand of slowing (19)
Scrolls
 g - 2 scrolls of enchant weapon
 j - 2 scrolls of identify
 k - 3 scrolls of blinking
 l - a scroll of enchant armour
 m - 6 scrolls of remove curse
 w - a scroll of recharging
 y - 2 scrolls of silence
 B - 2 scrolls of amnesia
 N - 2 scrolls of magic mapping
Potions
 c - a potion of berserk rage
 i - a potion of heal wounds
 n - 2 potions of invisibility
 o - 3 potions of magic
 p - a potion of agility
 r - 2 potions of curing
 t - a potion of flight
 z - a potion of lignification
 A - 2 potions of brilliance
 E - a potion of resistance
 H - 2 potions of mutation
 L - a potion of might
 P - 4 potions of haste
 S - a potion of cure mutation
Books
 C - a book of the Sky

   Spells                             Type                      Level
   a - Summon Lightning Spire         Summoning/Air                4
   b - Airstrike                      Air                          4
   c - Silence                        Hexes/Air                    5
   d - Deflect Missiles               Charms/Air                   6
   e - Conjure Ball Lightning         Conjuration/Air              6
   f - Tornado                        Air                          9
 D - a book of Cantrips

   Spells                             Type                      Level
   a - Corona                         Hexes                        1
   b - Animate Skeleton               Necromancy                   1
   c - Summon Small Mammal            Summoning                    1
   d - Apportation                    Translocation                1
 G - an Akashic Record

   Spells                             Type                      Level
   a - Dispersal                      Translocation                6
   b - Controlled Blink               Translocation                7
   c - Malign Gateway                 Summoning/Translocation      7
   d - Disjunction                    Translocation                8
Comestibles
 e - 8 bread rations
 f - 5 meat rations
 K - a slice of pizza
 M - 8 beef jerkies


   Skills:
 + Level 4.5 Fighting
 * Level 20.2 Long Blades
 + Level 4.4 Armour
   Level 3.6 Shields


You had 10 spell levels left.
You didn't know any spells.

Dungeon Overview and Level Annotations

Branches:
Dungeon (11/15)            Temple (1/1) D:5            Lair (1/8) D:11
    Orc (0/4) D:11

Altars:
Ashenzari
Cheibriados
Dithmenos
Elyvilon
Fedhas
Gozag
Kikubaaqudgha
Makhleb
Nemelex Xobeh
Okawaru
Qazlal
Ru
Sif Muna
Trog
Vehumet
Xom
Yredelemnul
Zin
The Shining One

Shops:
D:6 *


Innate Abilities, Weirdness & Mutations

You reflexively headbutt those who attack you in melee.
You have a pair of horns on your head.


Message History

Unknown command.
You completely miss the mottled draconian.
Your headbutt misses the mottled draconian.
The mottled draconian is almost dead.
The mottled draconian hits you but does no damage.
You slice the mottled draconian!!
You kill the mottled draconian!
Qazlal accepts your kill.
Unknown command.
Things that are here:
a halberd of flaming; a cloak; a mottled draconian corpse You swing at nothing.
You hit the molten gargoyle but do no damage.
You headbutt the molten gargoyle, but do no damage.
The molten gargoyle hits you with a morningstar.
You are engulfed in flames!
You barely miss the molten gargoyle.
The molten gargoyle blasts magma at you!
The bolt of magma hits you!
You die...

≈≈≈≈. #.≈≈§§≈≈≈ ≈§§. #.≈§≈§≈≈≈
≈§§§. #..§§≈≈≈≈§≈≈≈≈≈≈≈≈
#.§§§§≈≈≈≈§§§§≈≈≈.
#.≈§≈§≈≈≈≈≈§≈≈§§..
#.§§§§§§≈≈≈§≈≈≈§..
#§≈≈≈§≈§≈≈≈≈≈§§...
#@.≈§§§§≈≈≈≈≈≈§...
######9§§§§§§≈≈§≈≈≈§≈≈. ...§§.§§
......§§§§§§§..≈≈≈≈≈§≈≈.
≈≈≈§≈§§§≈≈§§§≈≈§≈§≈..≈§≈..≈≈≈§≈..
≈§≈≈≈§≈≈≈§§§§§§§§≈≈§≈≈§§§§.§§....
≈≈§§≈≈≈≈§≈≈§≈≈≈≈§≈≈≈≈§≈§§≈≈≈.....
≈≈≈≈≈≈≈≈§§≈§§≈§§≈§≈≈≈≈≈≈§§.§§....
≈≈.≈≈≈≈§≈§≈§§§§§§§§≈≈≈.§........#
≈...≈≈≈§≈≈≈≈≈≈≈≈≈§§§..........###


You could see a molten gargoyle.

Vanquished Creatures
  A mottled draconian (Volcano)
  The ghost of cmdexe the Shield-Bearer, an experienced DsFi of Makhleb (D:8)
  2 hill giants (D:11)
  Pikel (D:7)
  A cyclops (D:11)
  3 trolls
  5 humans (D:8)
  A wraith (D:10)
  A hungry ghost (D:10)
  Eustachio (D:4)
  A wyvern (D:10)
  8 yaks
  A deep elf mage (D:11)
  A fire bat (Volcano)
  A basilisk (Lair:1)
  3 hippogriffs
  Edmund (D:5)
  3 porcupines (Lair:1)
  A water moccasin (D:10)
  3 orc warriors
  2 sky beasts
  3 ice beasts
  6 centaurs
  A necrophage (D:9)
  2 slaves (D:7)
  7 ogres
  A phantom (D:10)
  2 big kobolds
  8 giant frogs
  7 scorpions
  12 killer bees
  5 wights (D:7)
  2 electric eels
  2 lava snakes (Volcano)
  8 crimson imps
  2 quasits
  A centaur zombie (D:8)
  An orc priest (D:4)
  A centaur skeleton (D:11)
  8 hounds
  3 jellies
  3 giant frog skeletons
  7 iguanas
  Natasha (thrice) (D:4)
  4 orc wizards
  12 sheep (Lair:1)
  5 worker ants
  A killer bee zombie (D:10)
  2 hound skeletons
  A hound zombie (D:5)
  A worker ant zombie (D:6)
  9 adders
  11 river rats
  4 shadow imps
  3 oozes
  2 adder zombies
  2 worms
  6 giant geckos
  21 orcs
  A ball python (D:1)
  4 giant cockroaches
  16 goblins
  10 hobgoblins
  9 jackals
  7 quokkas
  4 bats
  A giant cockroach zombie (D:5)
  7 giant newts
  A jackal zombie (D:5)
  18 kobolds
  10 rats
  13 fungi
  8 plants (D:11)
330 creatures vanquished.

Vanquished Creatures (others)
  A slave (D:7)
1 creature vanquished.

Grand Total: 331 creatures vanquished

Notes
Turn   | Place    | Note
--------------------------------------------------------------
     0 | D:1      | kae the Minotaur Fighter began the quest for the Orb.
     0 | D:1      | Reached XP level 1. HP: 19/19 MP: 0/0
   147 | D:1      | Reached XP level 2. HP: 24/26 MP: 1/1
   344 | D:1      | Reached skill level 4 in Long Blades
   620 | D:1      | Reached XP level 3. HP: 27/31 MP: 2/2
   931 | D:2      | Reached skill level 5 in Long Blades
  1123 | D:2      | Reached XP level 4. HP: 39/39 MP: 3/3
  1320 | D:3      | Reached skill level 6 in Long Blades
  1423 | D:3      | Found a shadowy altar of Dithmenos.
  1455 | D:3      | Reached XP level 5. HP: 45/45 MP: 4/4
  1913 | D:4      | Noticed Natasha
  1930 | D:4      | Killed Natasha
  1930 | D:4      | Reached skill level 7 in Long Blades
  2171 | D:4      | Noticed Natasha
  2187 | D:4      | Killed Natasha
  2211 | D:4      | Reached XP level 6. HP: 48/51 MP: 5/5
  2268 | D:4      | Noticed Natasha
  2270 | D:4      | Killed Natasha
  2281 | D:4      | Reached skill level 8 in Long Blades
  2507 | D:4      | Found a deep blue altar of Sif Muna.
  2726 | D:4      | Noticed Eustachio
  2747 | D:4      | Killed Eustachio
  2747 | D:4      | Reached skill level 9 in Long Blades
  2747 | D:4      | Reached XP level 7. HP: 57/57 MP: 6/6
  2826 | D:4      | Found a bloodstained altar of Trog.
  2990 | D:5      | Entered Level 5 of the Dungeon
  3008 | D:5      | Found a staircase to the Ecumenical Temple.
  3020 | Temple   | Entered the Ecumenical Temple
  3029 | Temple   | Became a worshipper of Qazlal Stormbringer
  3056 | D:5      | Reached skill level 10 in Long Blades
  3146 | D:5      | Noticed Edmund
  3154 | D:5      | Killed Edmund
  3344 | D:5      | Reached skill level 11 in Long Blades
  3371 | D:5      | Reached XP level 8. HP: 62/64 MP: 7/7
  3686 | D:5      | Found an ancient bone altar of Kikubaaqudgha.
  3783 | D:6      | Reached skill level 12 in Long Blades
  3984 | D:6      | Found Kooremn's General Store.
  4014 | D:6      | Found a shimmering altar of Xom.
  4016 | D:6      | Acquired Qazlal's first power
  4021 | D:6      | Bought a scroll of enchant weapon for 90 gold pieces
  4026 | D:6      | Found a glowing golden altar of the Shining One.
  4027 | D:6      | Found a white marble altar of Elyvilon.
  4027 | D:6      | Found a sparkling altar of Nemelex Xobeh.
  4028 | D:6      | Found a radiant altar of Vehumet.
  4028 | D:6      | Found a shattered altar of Ashenzari.
  4029 | D:6      | Found a basalt altar of Yredelemnul.
  4156 | D:6      | Reached skill level 13 in Long Blades
  4430 | D:7      | Reached XP level 9. HP: 41/70 MP: 8/8
  4937 | D:7      | Reached skill level 14 in Long Blades
  5412 | D:7      | Noticed Pikel
  5446 | D:7      | Killed Pikel
  5446 | D:7      | Reached skill level 15 in Long Blades
  5699 | D:7      | Acquired Qazlal's second power
  5727 | D:7      | HP: 3/70 [wight/enchanted great sword (10)]
  6246 | D:8      | Reached skill level 16 in Long Blades
  6250 | D:8      | Reached XP level 10. HP: 69/77 MP: 9/9
  6301 | D:8      | Noticed cmdexe's ghost (experienced DsFi)
  6321 | D:8      | Found a glowing silver altar of Zin.
  6740 | D:8      | Killed cmdexe's ghost
  6740 | D:8      | Reached skill level 17 in Long Blades
  7653 | D:9      | Acquired Qazlal's third power
  8120 | D:9      | Identified 2 scrolls of acquirement
  8167 | D:10     | Entered Level 10 of the Dungeon
  8170 | D:10     | Reached skill level 18 in Long Blades
  8813 | D:10     | Reached XP level 11. HP: 76/82 MP: 10/10
  9455 | D:11     | Found a staircase to the Orcish Mines.
  9475 | D:11     | Reached skill level 19 in Long Blades
  9661 | D:11     | Noticed a hill giant
  9672 | D:11     | Killed a hill giant
  9711 | D:11     | Acquired Qazlal's fourth power
  9884 | D:11     | Found a staircase to the Lair.
 10262 | D:11     | Noticed a hill giant
 10269 | D:11     | Killed a hill giant
 10499 | Lair:1   | Entered Level 1 of the Lair of Beasts
 10684 | Lair:1   | Reached skill level 20 in Long Blades
 10756 | Lair:1   | Found a dark tunnel.
 10865 | Lair:1   | Acquired Qazlal's fifth power
 10917 | Volcano  | Entered a volcano
 11139 | Volcano  | Noticed a mottled draconian
 11156 | Volcano  | Killed a mottled draconian
 11160 | Volcano  | Killed from afar by a molten gargoyle

Vault maps used:
D:1:      dpeg_arrival_pond, fountainhead, serial_bayou_pond_d, st_stairs_11,
          kennysheep_decorative_pillar
D:3:      lemuel_doored_altar, first_bread, serial_bayou_lagoon_a
D:4:      nicolae_overflow_crystal_walls, trog_hazing_becter, uniq_natasha,
          uniq_eustachio
D:5:      nicolae_overflow_hidden_temple, minmay_temple_entry_mist, uniq_edmund
D:6:      grunt_temple_overflow_open, serial_shops, nicolae_shop_statue_plus
D:7:      uniq_pikel
D:8:      kennysheep_mini_moat, minmay_ruffians
D:10:     statuecave_lemuel, grunt_ogre_cave
D:11:     due_lair_maze_entry_diamond, orc_0_dummy, fountainhead
Temple:   nicolae_temple_no_exploring_needed
Lair:1:   nicolae_volcano_entry_two_sided
Volcano:  volcano_lake

Action                   |  1- 3 |  4- 6 |  7- 9 | 10-12 || total
-------------------------+-------+-------+-------+-------++-------
Melee: Long sword        |   104 |   124 |   342 |       ||   570
       Great sword       |       |       |    36 |   115 ||   151
       Triple sword      |       |       |       |   296 ||   296
Evoke: Wand              |       |       |     2 |       ||     2
  Use: Scroll            |       |    11 |     3 |    19 ||    33
       Potion            |       |       |     3 |     3 ||     6
 Stab: Distracted        |       |       |     1 |       ||     1
  Eat: Chunk             |       |     5 |    11 |    11 ||    27
       Beef jerky        |       |       |     1 |       ||     1
       Meat ration       |       |       |       |     1 ||     1
       Pizza             |       |       |       |     1 ||     1
